Map: Data-C

Players

Astrea

  • Race: Protoss Protoss
  • Spawn Location: 3:00

Scarlett - Winner!

  • Race: Zerg Zerg
  • Spawn Location: 9:00

Event: DreamHack SC2 Masters 2022 Atlanta (Offline)

VOD

Have the link to the VOD?

Description

Time

  • Played on: Nov. 18, 2022, 6:58 p.m.
  • Length: 13:01

All games in this series

Show
View Real Time Build Order
Export as new Build Order

Astrea Protoss 

Build Orders: 1 Gate Expand, Oracle Opening, Zealot Archon, Archon Drop 

Get SALT Encoding   

  12  0:00  Probe  
  13  0:12  Probe  
  14  0:17  Pylon  
  14  0:24  Probe  
  14  0:27  Assimilator  
  15  0:36  Probe (Chrono Boost)  
  16  0:43  Gateway  
  16  0:48  Probe (Chrono Boost)  
  17  0:55  Probe (Chrono Boost)  
  18  1:03  Probe  
  19  1:15  Probe  
  20  1:23  Nexus  
  20  1:33  Cybernetics Core  
  20  1:36  Probe  
  21  1:43  Assimilator  
  21  1:48  Probe  
  21  1:51  Pylon  
  22  2:00  Probe (Chrono Boost)  
  23  2:08  Adept (Chrono Boost)  
  23  2:10  Probe (Chrono Boost)  
  23  2:14  Stargate  
  26  2:16  Probe  
  26  2:20  Warp Gate  
  28  2:30  Probe (Chrono Boost)  
  28  2:31  Stalker  
  28  2:35  Probe (Chrono Boost)  
  33  2:45  Probe x2 (Chrono Boost)  
  33  2:50  Probe (Chrono Boost)  
  33  2:52  Probe  
  33  2:57  Oracle (Chrono Boost)  
  35  3:02  Probe  
  35  3:04  Probe  
  40  3:10  Pylon  
  40  3:14  Probe  
  40  3:16  Probe  
  42  3:25  Oracle (Chrono Boost)  
  42  3:26  Probe  
  43  3:28  Probe  
  47  3:36  Nexus  
  47  3:38  Probe  
  47  3:41  Probe  
  49  3:45  Pylon  
  49  3:50  Probe  
  49  3:53  Probe  
  51  3:58  Assimilator  
  51  4:02  Probe, Assimilator  
  52  4:05  Probe  
  53  4:10  Forge  
  53  4:12  Twilight Council  
  53  4:14  Probe  
  54  4:17  Robotics Facility, Probe  
  55  4:26  Probe  
  55  4:29  Probe  
  57  4:37  Protoss Ground Weapons Level 1 (Chrono Boost)  
  54  4:39  Probe (Chrono Boost)  
  54  4:41  Gateway  
  54  4:42  Gateway  
  54  4:43  Probe (Chrono Boost)  
  56  4:46  Charge (Chrono Boost)  
  56  4:48  Probe (Chrono Boost)  
  56  4:51  Probe (Chrono Boost)  
  58  4:55  Gateway  
  58  4:57  Probe (Chrono Boost)  
  58  4:58  Templar Archives, Probe x2 (Chrono Boost)  
  61  5:01  Warp Prism (Chrono Boost)  
  61  5:02  Probe (Chrono Boost)  
  61  5:05  Probe  
  61  5:06  Probe  
  66  5:14  Probe  
  66  5:17  Probe  
  66  5:18  Probe  
  69  5:21  Gateway  
  69  5:25  Pylon  
  69  5:26  Probe  
  69  5:27  Gateway  
  70  5:29  Probe  
  70  5:33  Pylon  
  71  5:37  Probe  
  71  5:38  Probe, Pylon  
  71  5:40  Assimilator  
  71  5:42  Assimilator  
  73  5:43  Probe  
  73  5:47  High Templar  
  73  5:48  High Templar x2  
  73  5:49  Probe  
  81  5:51  Probe, Pylon  
  81  5:53  Archon, High Templar  
  84  5:58  Probe  
  84  5:59  Pylon  
  84  6:00  Photon Cannon  
  84  6:04  Gateway x2, Probe  
  86  6:06  Archon  
  86  6:17  Nexus  
  84  6:28  Zealot x6  
  84  6:29  Pylon  
  96  6:35  Probe  
  96  6:39  Protoss Ground Weapons Level 2 (Chrono Boost)  
  97  6:43  Probe  
  98  6:48  Zealot x6  
  106  7:04  Zealot x2  
  98  7:08  Pylon x2  
  98  7:09  Zealot x6  
  98  7:15  Psionic Storm  
  98  7:20  Probe  
  98  7:22  Immortal (Chrono Boost)  
  89  7:33  High Templar x7  
  89  7:35  Pylon  
  103  7:37  Archon  
  103  7:40  Shield Battery, Gateway  
  103  7:51  Immortal (Chrono Boost)  
  105  8:02  High Templar  
  107  8:07  Pylon  
  107  8:09  Pylon  
  105  8:18  Immortal (Chrono Boost)  
  109  8:20  Nexus  
  109  8:26  Probe x3  
  112  8:28  High Templar x3  
  112  8:29  Shield Battery  
  112  8:31  Shield Battery  
  112  8:32  Archon  
  118  8:36  Photon Cannon  
  118  8:38  Probe  
  119  8:53  Probe  
  124  8:56  Probe  
  124  8:58  Stalker x6  
  124  9:02  Blink (Chrono Boost)  
  131  9:08  Stalker x2  
  125  9:10  Probe x3  
  125  9:16  Protoss Ground Weapons Level 3  
  121  9:22  Probe x3  
  122  9:31  Photon Cannon  
  122  9:34  Probe (Chrono Boost)  
  122  9:35  Probe (Chrono Boost)  
  122  9:36  Probe (Chrono Boost)  
  122  9:37  Probe (Chrono Boost)  
  122  9:38  Assimilator  
  126  9:39  Assimilator  
  126  9:47  Probe x2 (Chrono Boost)  
  126  9:52  Probe x2 (Chrono Boost)  
  130  9:54  Probe x2 (Chrono Boost)  
  130  9:59  Probe x2  
  134  10:01  Probe x2  
  133  10:10  Warp Prism  
  133  10:13  Probe (Chrono Boost)  
  130  10:15  Probe (Chrono Boost)  
  130  10:16  Probe (Chrono Boost)  
  130  10:17  High Templar x4  
  130  10:18  Probe (Chrono Boost)  
  130  10:19  Zealot x5  
  148  10:23  Probe (Chrono Boost)  
  148  10:25  Probe (Chrono Boost)  
  148  10:26  Archon, Probe (Chrono Boost)  
  148  10:27  Archon  
  136  10:30  Probe  
  136  10:31  Probe  
  136  10:35  Probe  
  117  10:39  Probe  
  107  10:42  Probe  
  107  10:45  Stalker x5  
  107  10:46  Probe  
  107  10:47  Probe  
  108  10:51  Probe  
  108  10:55  Probe  
  103  10:58  Probe  
  103  10:59  Probe (Chrono Boost)  
  96  11:05  Probe (Chrono Boost)  
  96  11:07  Probe (Chrono Boost)  
  96  11:10  Probe (Chrono Boost)  
  88  11:12  Probe (Chrono Boost)  
  91  11:18  Probe (Chrono Boost)  
  91  11:20  Probe x3 (Chrono Boost)  
  91  11:23  Probe (Chrono Boost)  
  91  11:25  Observer, Probe (Chrono Boost)  
  95  11:26  Probe  
  95  11:27  Probe  
  98  11:33  Probe, High Templar, Photon Cannon  
  98  11:36  Probe  
  98  11:39  Probe  
  100  11:40  Stalker  
  100  11:41  Stalker x4  
  100  11:44  Probe  
  110  11:48  Probe  
  108  11:54  Probe (Chrono Boost)  
  108  12:00  Probe (Chrono Boost)  
  111  12:01  Probe (Chrono Boost)  
  111  12:07  Probe x2 (Chrono Boost)  
  113  12:09  Pylon  
  113  12:11  Probe (Chrono Boost)  
  113  12:13  Probe x2 (Chrono Boost)  
  113  12:15  Probe (Chrono Boost)  
  107  12:16  Probe (Chrono Boost)  
  107  12:21  Probe x2  
  103  12:24  Stalker x3  
  91  12:31  Probe  
  91  12:34  Probe  
  91  12:35  Probe  
  81  12:43  Probe  
  81  12:46  Probe  
  81  12:48  Probe  
Show
View Real Time Build Order
Export as new Build Order

Scarlett Zerg - Winner!

Build Orders: Hatch First 

Get SALT Encoding   

  12  0:00  Drone  
  13  0:12  Overlord  
  13  0:17  Drone  
  14  0:30  Drone  
  15  0:44  Hatchery  
  15  0:48  Drone  
  15  0:51  Drone  
  15  0:55  Drone  
  17  0:59  Drone  
  18  1:10  Extractor  
  17  1:14  Spawning Pool  
  17  1:17  Drone  
  17  1:20  Drone  
  18  1:31  Drone  
  19  1:42  Drone  
  20  1:52  Drone  
  21  1:56  Drone  
  22  2:01  Queen x2  
  22  2:03  Overlord  
  22  2:06  Drone  
  27  2:14  Metabolic Boost  
  27  2:15  Zergling x2  
  27  2:22  Drone  
  29  2:25  Drone  
  30  2:34  Drone  
  31  2:38  Drone, Hatchery  
  31  2:43  Queen  
  33  2:46  Zergling x2  
  33  2:50  Overlord  
  34  2:53  Drone  
  34  2:57  Drone  
  36  3:08  Queen, Overlord  
  36  3:09  Drone  
  36  3:10  Drone  
  40  3:13  Drone  
  40  3:19  Overlord  
  41  3:23  Overlord  
  41  3:27  Queen, Drone  
  44  3:36  Spore Crawler  
  44  3:37  Drone x2  
  44  3:38  Drone  
  46  3:42  Drone  
  46  3:43  Queen  
  49  3:52  Drone x6  
  55  3:55  Drone x2  
  55  3:56  Drone  
  58  4:08  Drone  
  58  4:09  Drone x3  
  60  4:11  Evolution Chamber  
  60  4:16  Spore Crawler, Drone  
  59  4:23  Drone x6  
  63  4:32  Drone x2  
  63  4:33  Overlord  
  63  4:37  Zerg Melee Weapons Level 1  
  65  4:43  Hatchery, Overlord  
  64  4:47  Drone  
  64  4:50  Overlord  
  65  4:55  Drone x8, Extractor x2  
  65  4:56  Drone  
  72  5:00  Overlord  
  72  5:01  Queen  
  72  5:04  Extractor  
  72  5:05  Drone x2  
  72  5:06  Drone x3  
  78  5:10  Roach Warren  
  76  5:16  Drone x4  
  76  5:19  Lair  
  76  5:20  Extractor x2  
  77  5:22  Drone x2  
  77  5:25  Drone x3  
  82  5:29  Drone x4  
  82  5:32  Overlord  
  86  5:38  Zergling x8  
  90  5:52  Baneling Nest  
  90  5:53  Zergling x14  
  96  5:57  Drone x2  
  96  6:01  Drone  
  99  6:04  Drone  
  99  6:07  Overlord  
  99  6:08  Overlord  
  99  6:11  Zergling x12  
  105  6:20  Zergling x12  
  105  6:23  Spire  
  105  6:24  Overseer  
  108  6:26  Roach x3  
  108  6:27  Glial Reconstitution  
  108  6:29  Roach x5  
  124  6:32  Spine Crawler  
  124  6:36  Roach  
  124  6:37  Roach  
  125  6:40  Baneling x4  
  125  6:41  Zerg Missile Weapons Level 1  
  125  6:48  Roach, Overlord x2  
  127  6:58  Roach  
  120  7:05  Roach x6  
  121  7:08  Roach  
  121  7:09  Roach x5  
  129  7:18  Roach x4  
  128  7:30  Drone x5  
  128  7:31  Drone x3  
  136  7:37  Overlord x6  
  136  7:40  Zerg Flyer Weapons Level 1  
  136  7:42  Extractor  
  135  7:44  Extractor  
  135  7:49  Overlord  
  135  7:50  Overlord  
  133  7:58  Mutalisk  
  133  7:59  Mutalisk x5  
  145  8:06  Mutalisk x2  
  145  8:07  Drone  
  145  8:08  Drone x2  
  145  8:10  Queen  
  154  8:15  Mutalisk x2  
  154  8:17  Drone x4  
  154  8:19  Queen  
  164  8:25  Overseer  
  164  8:28  Drone x8  
  164  8:32  Ravager x4  
  176  8:39  Zerg Melee Weapons Level 2  
  176  8:41  Zergling x12  
  180  8:49  Zergling x2  
  180  8:52  Zergling x10  
  180  8:53  Zergling x4  
  183  8:57  Zergling x4  
  183  9:01  Spore Crawler  
  181  9:03  Mutalisk x2  
  181  9:09  Queen x2  
  187  9:10  Mutalisk x4  
  187  9:14  Centrifugal Hooks  
  193  9:25  Drone x3  
  193  9:26  Drone  
  193  9:30  Mutalisk  
  199  9:36  Zerg Flyer Weapons Level 2  
  199  9:43  Mutalisk  
  199  9:46  Baneling x11  
  199  9:49  Zergling x2  
  200  9:52  Hatchery  
  189  10:09  Mutalisk x5  
  189  10:11  Zergling x2  
  189  10:12  Zergling x16  
  186  10:31  Mutalisk x5  
  186  10:33  Zergling x10  
  180  10:43  Mutalisk x2  
  180  10:44  Extractor  
  180  10:45  Zergling x8  
  158  11:01  Mutalisk x4  
  158  11:06  Hatchery  
  158  11:07  Roach x6  
  160  11:17  Drone x3, Extractor  
  160  11:18  Mutalisk x2  
  162  11:20  Zergling x8  
  172  11:25  Roach, Hatchery  
  172  11:26  Baneling x9, Hatchery  
  172  11:30  Zergling x8  
  174  11:44  Zergling x12  
  180  11:54  Zergling x14  
  187  11:59  Zergling x10  
  187  12:00  Baneling x15  
  192  12:11  Zergling x12  
  192  12:13  Hatchery  
  193  12:18  Mutalisk x7  
  197  12:25  Zergling x6  
  197  12:29  Zergling x16  
  198  12:33  Zergling x4  
  198  12:34  Zergling x14  
Tags
 
Add a new tag
Caveats
  • Supply blocks, unpowered buildings, or Contaminate may cause inaccurate times.
  • Supply counts are checked every 10 seconds.